 Dungeon Crawl Stone Soup version 0.19.1-1-g22dce08 (webtiles) character file.

84 theAP the Skirmisher (level 4, -3/29 HPs)
             Began as a Gargoyle Fighter on Jan 9, 2017.
             Killed from afar by Natasha (8 damage)
             ... with a magic dart
             ... on level 2 of the Dungeon.
             The game lasted 00:03:26 (1123 turns).

theAP the Skirmisher (Gargoyle Fighter)             Turns: 1123, Time: 00:03:27

Health: -3/29      AC: 10    Str: 21    XL:     4   Next: 45%
Magic:  4/4        EV:  7    Int:  8    God:
Gold:   101        SH: 10    Dex:  9    Spells: 0 memorised, 3 levels left

rFire  . . .     SeeInvis .     a - +1 flail
rCold  + . .     Gourm    .     b - +0 scale mail
rNeg   + . .     Faith    .     c - +1 shield
rPois  ∞         Spirit   .     (no helmet)
rElec  +         Reflect  .     (no cloak)
rCorr  .         Harm     +     (no gloves)
MR     .....                    (no boots)
Stlth  ..........               q - amulet of harm
                                (no ring)
                                p - ring of protection from cold

@: no status effects
A: negative energy resistance 1, electricity resistance, unbreathing,
petrification resistance, rot immunity, AC +3
a: no special abilities


You were on level 2 of the Dungeon.
You were not hungry.

You visited 1 branch of the dungeon, and saw 2 of its levels.

You collected 101 gold pieces.

Inventory:

Hand Weapons
 a - a +1 flail (weapon)
Armour
 b - a +0 scale mail (worn)
 c - a +1 shield (worn)
Jewellery
 p - a ring of protection from cold (left hand)
 q - an amulet of harm (around neck)
Scrolls
 g - a scroll of immolation
 i - a scroll of amnesia {unknown}
 k - a scroll of teleportation
Potions
 d - a potion of might
 e - a potion of haste
 h - 2 potions of curing
 j - a potion of brilliance {unknown}
 l - a potion of flight {unknown}
Comestibles
 f - 2 bread rations
 s - a beef jerky


   Skills:
 + Level 4.1 Fighting
 + Level 2.7 Maces & Flails
 + Level 4.1 Armour
 + Level 3.8 Shields


You had 3 spell levels left.
You didn't know any spells.

Dungeon Overview and Level Annotations

Branches:
Dungeon (2/15)

Altars:
Fedhas

Annotations:
D:2 Natasha


Innate Abilities, Weirdness & Mutations

You are resistant to torment.
Your stone body is resilient. (AC +3)
You are immune to poison.
You resist negative energy. (rN+)
You are resistant to electric shocks. (rElec)
You can survive without breathing.
You are immune to petrification.
You are immune to rotting.


Message History

Natasha is heavily wounded.
The crimson imp blinks!
Natasha zaps a wand.
The puff of flame hits you!
You barely miss Natasha.
Natasha is heavily wounded.
Natasha zaps a wand.
The puff of flame hits you!
* * * LOW HITPOINT WARNING * * *
Natasha casts a spell at you. You resist with some effort.
You are too injured to fight recklessly!
You are too injured to fight recklessly!
You are too injured to fight recklessly!
Okay, then.
You hit Natasha but do no damage.
Natasha is heavily wounded.
The crimson imp blinks!
Natasha claws you but does no damage.
You hit Natasha.
Natasha is almost dead.
Natasha stares at you and mumbles some strange words.
The magic dart hits you!
You die...

......................).........>
##########################.######
#.# #.## ####).### #.......#
.#.......##
###################...#........#
...†............@h5...###.####.#
###################5....#(#....#
.##+##....# #.#......#
#####.###....#
..(##########.......#....##
.......<...†........#......
##.####.###.........#...### #.#
#.# #.....##.....##


You could see Natasha and 2 crimson imps.

Vanquished Creatures
  3 adders (D:2)
  A dart slug (D:1)
  A leopard gecko (D:1)
  4 bats
  A giant cockroach (D:2)
  4 goblins (D:1)
  10 hobgoblins
  11 jackals (D:1)
  6 frilled lizards
  4 kobolds
  5 rats
50 creatures vanquished.

Notes
Turn   | Place    | Note
-------+----------+-------------------------------------------
     0 | D:1      | theAP the Gargoyle Fighter began the quest for the Orb.
     0 | D:1      | Reached XP level 1. HP: 14/14 MP: 1/1
    85 | D:1      | Reached XP level 2. HP: 19/19 MP: 2/2
   413 | D:1      | Reached XP level 3. HP: 22/24 MP: 3/3
   873 | D:2      | Reached XP level 4. HP: 25/29 MP: 4/4
   997 | D:2      | Found a blossoming altar of Fedhas.
  1108 | D:2      | Noticed Natasha
  1123 | D:2      | Killed from afar by Natasha

Skill      XL: |  1  2  3  4 |
---------------+-------------+-----
Fighting       | 4 |  4.1
Armour         | 4 |  4.1
Maces & Flails | |  2.7
Shields        | |  3.8

Action                   |  1- 3 |  4- 6 || total
-------------------------+-------+-------++-------
Melee: Flail             |   138 |    36 ||   174
  Use: Scroll            |     8 |     1 ||     9
  Eat: Chunk             |       |     1 ||     1
Armor: Scale mail        |    83 |    16 ||    99
Dodge: Dodged            |    58 |     8 ||    66
Block: Shield            |    87 |    16 ||   103
